 Dungeon Crawl Stone Soup version 0.30-a0-760-g5a9884bb7c (webtiles) character file.

Game seed: 6132453511248820294

81 avis the Shooter (level 4, 0/35 HPs)
             Began as a Formicid Hunter on Feb 11, 2023.
             Killed by divine providence
             ... invoked by an orc priest
              (16 damage)
             ... on level 3 of the Dungeon.
             The game lasted 00:11:53 (1534 turns).

avis the Shooter (Formicid Hunter)                  Turns: 1534, Time: 00:11:54

Health: 0/35       AC:  3    Str: 15    XL:     4   Next: 68%
Magic:  4/4        EV: 12    Int:  9    God:
Gold:   51         SH:  0    Dex: 19    Spells: 3/3 levels left

rFire   . . .      SeeInvis +    b - +0 shortbow
rCold   . . .      Faith    .    (no shield)
rNeg    . . .      Spirit   .    c - +0 leather armour
rPois   .          Reflect  .    (helmet unavailable)
rElec   .          Harm     .    (no cloak)
rCorr   .          Rampage  .    (no gloves)
Will    .....                    (no boots)
Stlth   ++                       (no amulet)
HPRegen 0.25/turn                (no ring)
MPRegen 0.09/turn                (no ring)

@: no status effects
A: permanent stasis, dig shafts and tunnels, antennae 3, four strong arms
a: Dig, Shaft Self


You were on level 3 of the Dungeon.
You visited 1 branch of the dungeon, and saw 3 of its levels.

You collected 51 gold pieces.

Inventory:

Hand Weapons
 a - a +2 dagger of speed
 b - a +0 shortbow (weapon)
Missiles
 d - 6 javelins
 q - 4 poisoned darts
Armour
 c - a +0 leather armour (worn)
Scrolls
 g - a scroll of identify {unknown}
 i - a scroll of brand weapon {unknown}
 j - a scroll of butterflies {unknown}
 k - a scroll of enchant weapon {unknown}
 l - 2 scrolls of fear {unknown}
 m - 3 scrolls of magic mapping {unknown}
 n - a scroll of immolation
 p - a scroll of blinking {unknown}
Potions
 e - a potion of cancellation {unknown}
 f - a potion of curing {unknown}
 h - a potion of magic {unknown}
 o - a potion of flight {unknown}


   Skills:
 - Level 3.0 Fighting
 * Level 5.4 Ranged Weapons
 - Level 1.7 Dodging
 - Level 1.2 Stealth


You had 3 spell levels left.
You didn't know any spells.
Your spell library was empty.

Dungeon Overview and Level Annotations

Branches:
Dungeon (3/15)

Altars:


Innate Abilities, Weirdness & Mutations

You cannot be hasted, slowed, berserked, paralysed or teleported.
You can dig through walls and to a lower floor.
You have a pair of large antennae on your head. (SInv)
Your four strong arms can wield two-handed weapons with a shield.


Message History

The orc priest is moderately wounded.
Fire: b) +0 shortbow
Press: ? - help, Q - select action, (/) - cycle Shift-Dir - straight line, f/p - orc priest
Aim: an orc priest, wielding a +0 short sword (moderately wounded, 64% to hit)
You shoot an arrow.
The arrow hits the orc priest but does no damage.
The orc priest is moderately wounded.
The orc priest invokes the aid of Beogh against you.
Pain shoots through your body!
Fire: b) +0 shortbow
Press: ? - help, Q - select action, (/) - cycle Shift-Dir - straight line, f/p - orc priest
Aim: an orc priest, wielding a +0 short sword (moderately wounded, 64% to hit)
You shoot an arrow.
The arrow hits the orc priest but does no damage.
The orc priest is moderately wounded.
The orc priest looks braver for a moment.
The orc wizard gestures at you while chanting.
The puff of flame hits you!
The orc priest calls upon Beogh to heal the orc.
The orc's wounds heal themselves!
Fire: b) +0 shortbow
Press: ? - help, Q - select action, (/) - cycle Shift-Dir - straight line, f/p - orc priest
Aim: an orc priest, wielding a +0 short sword (moderately wounded, 64% to hit)
You shoot an arrow.
The arrow hits the orc priest but does no damage.
The orc priest is moderately wounded.
Fire: b) +0 shortbow
Press: ? - help, Q - select action, (/) - cycle Shift-Dir - straight line, f/p - orc priest
Aim: an orc priest, wielding a +0 short sword (moderately wounded, 64% to hit)
You shoot an arrow. The arrow hits the orc wizard!
The orc wizard is severely wounded.
Fire: b) +0 shortbow
Press: ? - help, Q - select action, (/) - cycle Shift-Dir - straight line, f - orc wizard, p - orc priest
Aim: an orc wizard, wielding a +0 dagger and wearing a +0 robe (severely wounded, 58% to hit)
You shoot an arrow. The arrow hits the orc wizard!
You kill the orc wizard!
A quokka comes into view.
The orc priest invokes the aid of Beogh against you.
Beogh smites you!
You die...

#.# #.# #.##########
#.####.#####..........##
#.##......##...........######
#.........##..##.......#.....#
##..†......##.....####..#.....#
#..........##..##.......#......
#..................###..#......
###.†............................
#...##..#.......@...####..##.....
....##.....>.........###..##.##..
....##.###....##)###.........##..
.......# ###..##o# ###...........
....#### ##...o................
....# ####)###.......).##.. ..###
#.# #...#####.#### ### )r. #...
#.# #.. { #... #.#


You could see an orc priest, an orc and a quokka.

Vanquished Creatures
  An orc wizard (D:3)
  An adder (D:2)
  3 worms (D:2)
  2 dart slugs (D:2)
  2 orcs (D:3)
  A bat (D:1)
  2 endoplasms (D:1)
  A giant cockroach (D:1)
  6 hobgoblins
  2 jackals (D:1)
  10 quokkas
  4 ball pythons
  6 goblins
  5 kobolds
  7 rats
53 creatures vanquished.

Vanquished Creatures (others)
  A plant (D:2)
  5 withered plants (D:2)
6 creatures vanquished.

Grand Total: 59 creatures vanquished

Notes
Turn   | Place    | Note
-------+----------+-------------------------------------------
     0 | D:1      | avis the Formicid Hunter began the quest for the Orb.
     0 | D:1      | Reached XP level 1. HP: 16/16 MP: 1/1
    71 | D:1      | Reached XP level 2. HP: 23/23 MP: 2/2
   153 | D:1      | Reached XP level 3. HP: 29/29 MP: 3/3
   915 | D:2      | Found a faded altar of an unknown god.
   994 | D:2      | Reached skill level 5 in Ranged Weapons
   994 | D:2      | Reached XP level 4. HP: 31/35 MP: 4/4
  1534 | D:3      | Killed from afar by an orc priest

Illustrated notes

Levels and vault maps discovered:
D:1:      mrwooster_arrival_arrow, layout_loops_ring, st_stairs_2
D:2:      layout_rooms, shapermc_ecumenical_altar_flowoftime
D:3:      layout_basic

Skill      XL: |  1  2  3 |
---------------+----------+-----
Fighting       | 3 |  3.0
Ranged Weapons | 5 |  5.4
Dodging        | |  1.7
Stealth        | |  1.2

Action                     |  1- 3 |  4- 6 || total
---------------------------+-------+-------++-------
   Fire: Shortbow          |   109 |    40 ||   149
Ability: Dig               |     1 |       ||     1
 Armour: Leather armour    |     7 |     3 ||    10
  Dodge: Dodged            |    21 |     3 ||    24

Table legend: (Time is in decaauts)
 A = Elapsed time spent in this place.
 B = Non-inter-level travel time spent in this place.
 C = Inter-level travel time spent in this place.
 D = Time resting spent in this place.
 E = Time spent auto-exploring this place.
 F = Levels seen in this place.
 G = Mean time per level.
                   A        B        C        D        E       F      G
               +--------+--------+--------+--------+--------+-----+--------+
         Total |   1578 |   1489 |     89 |    130 |    819 |   3 |  526.0 |
       Dungeon |   1578 |   1489 |     89 |    130 |    819 |   3 |  526.0 |
               +--------+--------+--------+--------+--------+-----+--------+

Top non-repeatable levels by time:
     D:1: 721 daAuts
     D:2: 675 daAuts
     D:3: 181 daAuts
